 Dungeon Crawl Stone Soup version 0.32-a0-329-ge6c31236d6 (webtiles) character file.

Game seed: 7476820362278527647

154 anacleto the Conjurer (level 5, -3/28 HPs)
             Began as a Deep Elf Conjurer on Feb 16, 2024.
             Slain by Grinder (9 damage)
             ... on level 3 of the Dungeon.
             The game lasted 00:07:18 (2729 turns).

anacleto the Conjurer (Deep Elf Conjurer)           Turns: 2729, Time: 00:07:18

Health: -3/28      AC:  2    Str:  4    XL:     5   Next: 13%
Magic:  5/14       EV: 12    Int: 25    God:
Gold:   126        SH:  0    Dex: 13    Spells: 3/14 levels left

rFire   . . .        (no weapon)
rCold   . . .        (no shield)
rNeg    . . .        a - +0 robe
rPois   .            (no helmet)
rElec   .            (no cloak)
rCorr   .            (no gloves)
SInv    .            (no boots)
Will    .....        (no amulet)
Stlth   ++           (no ring)
HPRegen 0.24/turn    (no ring)
MPRegen 0.14/turn

%: no passive effects
@: no status effects
A: no striking features
a: no special abilities


You were on level 3 of the Dungeon.
You visited 1 branch of the dungeon, and saw 3 of its levels.

You collected 126 gold pieces.

Inventory:

Armour
 a - a +0 robe (worn)
Scrolls
 d - 2 scrolls of identify {unknown}
 e - 2 scrolls of brand weapon {unknown}
 f - a scroll of poison {unknown}
 g - a scroll of silence {unknown}
 h - 2 scrolls of fear {unknown}
Potions
 b - a potion of magic
 c - 2 potions of brilliance {unknown}
 i - a potion of attraction {unknown}
 j - a potion of haste {unknown}
 k - a potion of lignification {unknown}
 l - a potion of mutation {unknown}


   Skills:
 + Level 2.5 Dodging
 + Level 2.5 Stealth
 + Level 5.3 Spellcasting
 * Level 5.7 Conjurations
 + Level 0.7 Translocations
 + Level 0.9 Alchemy


You had 3 spell levels left.
You knew the following spells:

 Your Spells              Type           Power      Damage    Failure   Level
a - Magic Dart            Conj           100%       1d8       1%          1
b - Searing Ray           Conj           70%        2d7       1%          2
c - Fulminant Prism       Conj/Alch      11%        3d8       21%         4
d - Iskenderun's Mystic   Conj/Tloc      22%        2d6       22%         4

Your spell library contained the following spells:

 Spells                   Type           Power      Damage    Failure   Level


Dungeon Overview and Level Annotations

Branches:
Dungeon (3/15)

Altars:
Uskayaw
Xom
The Shining One

Annotations:
D:3 Grinder


Message History

Aim: Grinder (lightly wounded, 100% to hit)
The magic dart hits Grinder.
Grinder is moderately wounded.
Grinder hits you!
You writhe in agony.
A goblin comes into view. It is wielding a +0 club.
Casting: Magic Dart (safe; 1% risk of failure)
Confirm with . or Enter, or press ? or * to list all spells.
Aiming: Searing Ray (safe; 1% risk of failure)
Press: ? - help, Shift-Dir - straight line, f/p - Grinder
Aim: Grinder (moderately wounded, 78% to hit)
The searing ray hits Grinder.
Grinder is heavily wounded. (Press . to maintain the ray.) Grinder closely misses you.
An orc comes into view. It is wielding a +0 club.
The searing ray hits Grinder but does no damage.
Grinder is heavily wounded.
Grinder barely misses you.
The searing ray misses Grinder.
Grinder hits you.
You writhe in agony.
The searing ray hits Grinder!
Grinder is severely wounded.
The searing ray hits the goblin.
You kill the goblin!
You finish channelling your searing ray.
Grinder hits you.
* * * LOW HITPOINT WARNING * * *
You writhe in agony.
* * * LOW HITPOINT WARNING * * *
Casting: Searing Ray (safe; 1% risk of failure)
Confirm with . or Enter, or press ? or * to list all spells.
Aiming: Searing Ray (safe; 1% risk of failure)
Press: ? - help, Shift-Dir - straight line, f/p - Grinder
Aim: Grinder (severely wounded, 78% to hit)
The searing ray hits Grinder.
Grinder is severely wounded. (Press . to maintain the ray.)
The orc shouts!
Grinder hits you!
You die...
Grinder says, "Now the real fun starts!"

..... ####... #. #.#.# #......
#.# .#.#. #.....# #.# .#.#.#
...o.##.#. .#.#.#. ......#.#
.#.#.#.# ....#.#.#.#.#.#.#.
#####5...#.#.#.#.#.#.#
#....@<.#.#.#.#.#.#.#.
......##..#..#.#.#.#.#.#.#
##########..#.#.#.#.#.#.#.#.
#...........##.#.#.#.#.#.#.#
#.########+####.#.#.#.#.#.#.
######....##........#.#.#.#.#.#.#
#..................#.#.#.#.#.#.#.
#..........#.......)#.#.#.#.#.#+#
#..........#.......#.#.#.#.#.....


You could see Grinder and an orc.

Vanquished Creatures
  3 adders
  2 ribbon worms
  A dart slug (D:3)
  5 orcs (D:3)
  2 endoplasms (D:2)
  3 giant cockroaches
  8 goblins
  8 hobgoblins
  5 jackals
  3 quokkas
  3 ball pythons
  7 bats
  2 frilled lizards
  8 kobolds
  5 rats
65 creatures vanquished.

Notes
Turn   | Place    | Note
-------+----------+-------------------------------------------
     0 | D:1      | anacleto the Deep Elf Conjurer began the quest for the Orb.
     0 | D:1      | Reached XP level 1. HP: 10/10 MP: 6/6
   166 | D:1      | Reached XP level 2. HP: 15/15 MP: 6/8
   198 | D:1      | You fall into a shaft and drop 1 floor!
   498 | D:2      | Reached XP level 3. HP: 19/19 MP: 7/10
   544 | D:1      | Reached skill level 5 in Conjurations
  1323 | D:1      | Learned a level 2 spell: Searing Ray
  1563 | D:2      | Reached XP level 4. HP: 24/24 MP: 7/12
  1667 | D:2      | Found a shimmering altar of Xom.
  1999 | D:3      | Reached skill level 5 in Spellcasting
  2099 | D:3      | Found a hide-covered altar of Uskayaw.
  2105 | D:3      | Learned a level 4 spell: Fulminant Prism
  2110 | D:3      | Learned a level 4 spell: Iskenderun's Mystic Blast
  2110 | D:3      | Found a glowing golden altar of the Shining One.
  2520 | D:3      | Found a faded altar of an unknown god.
  2537 | D:3      | Reached XP level 5. HP: 28/28 MP: 12/14
  2721 | D:3      | Noticed Grinder
  2729 | D:3      | Slain by Grinder

Illustrated notes

Levels and vault maps discovered:
D:1:      amcnicky_arrival_abandoned_market, layout_basic,
          minmay_misc_feat_secret_circle
D:2:      layout_rooms, basic_altar
D:3:      layout_basic, mainiacjoe_overflow_large_starburst,
          dreamdust_ecumenical_altar_grove, serial_bayou_crossing, uniq_grinder

Skill      XL: |  1  2  3  4 |
---------------+-------------+-----
Spellcasting   | 4 5 |  5.3
Conjurations   | 5 |  5.7
Dodging        | |  2.5
Stealth        | |  2.5
Translocations | |  0.7
Alchemy        | |  0.9

Action                     |  1- 3 |  4- 6 || total
---------------------------+-------+-------++-------
  Melee: Unarmed           |       |     1 ||     1
   Cast: Magic Dart        |    81 |    67 ||   148
         Searing Ray       |     1 |     2 ||     3
 Armour: Robe              |     9 |     5 ||    14
  Dodge: Dodged            |    21 |     8 ||    29

Table legend: (Time is in decaauts)
 A = Elapsed time spent in this place.
 B = Non-inter-level travel time spent in this place.
 C = Inter-level travel time spent in this place.
 D = Time resting spent in this place.
 E = Time spent auto-exploring this place.
 F = Levels seen in this place.
 G = Mean time per level.
                   A        B        C        D        E       F      G
               +--------+--------+--------+--------+--------+-----+--------+
         Total |   2733 |   2637 |     96 |    121 |   2123 |   3 |  911.0 |
       Dungeon |   2733 |   2637 |     96 |    121 |   2123 |   3 |  911.0 |
               +--------+--------+--------+--------+--------+-----+--------+

Top non-repeatable levels by time:
     D:1: 1202 daAuts
     D:2: 794 daAuts
     D:3: 737 daAuts
